 Dungeon Crawl Stone Soup version 0.31-a0-200-gbc41564c69 (webtiles) character file.

Game seed: 8442201222167978778

510 qw the Skirmisher (level 6, -2/35 HPs)
             Began as a Deep Elf Hunter on June 25, 2023.
             Slain by an adder (3 damage)
             ... on level 4 of the Dungeon.
             The game lasted 00:01:15 (2313 turns).

qw the Skirmisher (Deep Elf Hunter)                 Turns: 2313, Time: 00:01:15

Health: -2/35      AC:  7    Str: 10    XL:     6   Next: 98%
Magic:  8/8        EV: 13    Int: 14    God:
Gold:   175        SH:  0    Dex: 24    Spells: 5/5 levels left

rFire   . . .        Y - +0 shortbow
rCold   . . .        (shield currently unavailable)
rNeg    . . .        e - +1 ring mail {rPois}
rPois   +            (no helmet)
rElec   .            (no cloak)
rCorr   .            j - +0 pair of gloves
SInv    .            (no boots)
Will    .....        (no amulet)
Stlth   ++           c - +6 ring of dexterity
HPRegen 0.25/turn    (no ring)
MPRegen 0.11/turn

%: no passive effects
@: lethally poisoned (-2 -> -5)
A: no striking features
a: no special abilities


You were on level 4 of the Dungeon.
You visited 1 branch of the dungeon, and saw 4 of its levels.

You collected 175 gold pieces.


   Skills:
 - Level 2.0 Fighting
 + Level 9.5 Ranged Weapons
 - Level 5.3 Dodging
 - Level 1.2 Stealth


You had 5 spell levels left.
You didn't know any spells.
Your spell library was empty.

Inventory:

Hand Weapons
 Y - a +0 shortbow (weapon)
Armour
 e - a +1 ring mail of poison resistance (worn)
 j - a +0 pair of gloves (worn)
Jewellery
 c - a +6 ring of dexterity (left hand)
Scrolls
 a - a scroll of identify
Potions
 b - a potion of brilliance {unknown}
 d - a potion of resistance {unknown}
 f - a potion of lignification {unknown}
 g - 2 potions of haste
 i - 2 potions of curing
 k - a potion of enlightenment {unknown}

Dungeon Overview and Level Annotations

Branches:
Dungeon (4/15)
 Temple: D:4-7

Altars:


Message History

The iguana bites you but does no damage.
The endoplasm hits you.
You shoot an arrow. The arrow hits the iguana.
The iguana is severely wounded.
The iguana closely misses you.
The endoplasm hits you but does no damage.
You shoot an arrow. The arrow hits the iguana!
You kill the iguana!
The endoplasm freezes you.
You are frozen.
The adder bites you but does no damage. Menkaure barely misses you.
You shoot an arrow.
The arrow hits Menkaure but does no damage.
Menkaure is lightly damaged.
The adder barely misses you. The endoplasm closely misses you.
You shoot an arrow. The arrow barely misses Menkaure.
The adder bites you but does no damage. Menkaure hits you!
The endoplasm completely misses you. The endoplasm barely misses you.
The adder bites you.
You are poisoned.
The adder poisons you!
You shoot an arrow. The arrow hits Menkaure!
Menkaure is severely damaged.
You feel sick. Menkaure barely misses you. The endoplasm closely misses you. x2
The adder closely misses you.
You shoot an arrow. The arrow hits Menkaure.
Menkaure is almost destroyed.
You feel sick. The adder closely misses you.
The endoplasm hits you but does no damage.
The endoplasm closely misses you.
Menkaure gestures at you while chanting.
Pain shoots through your body!
You shoot an arrow. The arrow hits Menkaure.
You destroy Menkaure!
You feel sick. The adder misses you. The endoplasm freezes you.
You are frozen.
The endoplasm hits you but does no damage.
The adder bites you.
You die...

..... ... .....###..#
.....%....### ##
............# #.
............####### #.
...%.%.g. .........## #.
......SJ# #.:.......###.
.......@# #.............
.#.#.#J.###..........##.
#....................
........###.............
#.#...### #..........#..
# #.########........##..
...................####
... ..#####..........#
.. #..........#


You could see an adder, 2 endoplasms and a goblin.

Vanquished Creatures
  Grinder (D:4)
  Menkaure (D:4)
  A scorpion (D:4)
  A jelly (D:4)
  2 iguanas (D:4)
  Jessica (D:2)
  7 adders
  An adder skeleton (D:2)
  4 dart slugs
  2 orcs (D:3)
  A bat skeleton (D:2)
  8 endoplasms
  6 giant cockroaches
  9 goblins
  6 hobgoblins (D:1)
  3 jackals (D:1)
  6 quokkas
  6 ball pythons
  A ball python skeleton (D:2)
  A ball python zombie (D:2)
  3 bats
  4 frilled lizards
  6 kobolds
  10 rats
91 creatures vanquished.

Notes
Turn   | Place    | Note
-------+----------+-------------------------------------------
     0 | D:1      | qw the Deep Elf Hunter began the quest for the Orb.
     0 | D:1      | Reached XP level 1. HP: 12/12 MP: 3/3
     0 | D:1      | 0 ||| qw: Version: 0.3-a-22-g0ed2b0b
     0 | D:1      | 0 ||| qw: Game counter: 5514
     0 | D:1      | 0 ||| qw: Melee chars always use a shield: true
     0 | D:1      | 0 ||| qw: God list: Okawaru
     0 | D:1      | 0 ||| qw: Allow faded altars: false
     0 | D:1      | 0 ||| qw: Do Orc after clearing Dungeon:15 true
     0 | D:1      | 0 ||| qw: Do second Lair branch before Depths: true
     0 | D:1      | 0 ||| qw: Lair rune preference: random
     0 | D:1      | 0 ||| qw: Goals: Normal
     0 | D:1      | 0 ||| PLANNING D:1-11
    83 | D:1      | Reached XP level 2. HP: 16/16 MP: 4/4
    84 | D:1      | Reached skill level 6 in Ranged Weapons
   254 | D:1      | Reached XP level 3. HP: 20/20 MP: 5/5
   487 | D:1      | 487 ||| FLEEEEING.
   488 | D:1      | 488 ||| FLEEEEING.
   489 | D:1      | 489 ||| FLEEEEING.
   502 | D:1      | Reached skill level 7 in Ranged Weapons
   729 | D:1      | 729 ||| UPGRADING to +1 ring mail of poison resistance.
   739 | D:1      | 739 ||| DROPPING +0 leather armour.
   740 | D:1      | 740 ||| DROPPING ring of flight.
   741 | D:1      | 741 ||| READING 2 scrolls labelled ARUFFO WA BUO.
   742 | D:1      | 742 ||| READING scroll labelled UKIBEW TETRIKE.
   743 | D:1      | 743 ||| DROPPING scroll of butterflies.
   900 | D:2      | Reached XP level 4. HP: 25/25 MP: 6/6
  1080 | D:2      | Noticed Jessica
  1087 | D:2      | Killed Jessica
  1208 | D:2      | Reached skill level 8 in Ranged Weapons
  1281 | D:2      | 1281 ||| DROPPING +0 robe of willpower.
  1282 | D:2      | 1282 ||| READING scroll labelled TEISHR SUOT.
  1283 | D:2      | 1283 ||| READING scroll labelled XOPHYESSOPT.
  1284 | D:2      | 1284 ||| DRINKING 2 bubbling black potions.
  1285 | D:2      | 1285 ||| DRINKING 3 glowing sapphire potions.
  1286 | D:2      | 1286 ||| READING 2 scrolls of identify.
  1286 | D:2      | 1286 ||| IDENTIFYING black potion
  1287 | D:2      | 1287 ||| DROPPING potion of attraction.
  1465 | D:3      | Reached XP level 5. HP: 26/29 MP: 7/7
  1945 | D:3      | 1945 ||| UPGRADING to +0 pair of gloves.
  1950 | D:3      | 1950 ||| UPGRADING to +6 ring of dexterity.
  1951 | D:3      | 1951 ||| READING scroll labelled JOGHEU CIAN.
  2117 | D:4      | Noticed Grinder
  2123 | D:4      | HP: 1/29 [Grinder/nerve-wracking pain (10)]
  2125 | D:4      | 2125 ||| FLEEEEING.
  2126 | D:4      | 2126 ||| FLEEEEING.
  2135 | D:4      | 2135 ||| FLEEEEING.
  2140 | D:4      | 2140 ||| FLEEEEING.
  2141 | D:4      | 2141 ||| FLEEEEING.
  2142 | D:4      | 2142 ||| FLEEEEING.
  2143 | D:4      | 2143 ||| STAIRDANCE
  2242 | D:4      | Paralysed by Grinder for 5 turns
  2247 | D:4      | 2247 ||| STAIRDANCE
  2276 | D:4      | Killed Grinder
  2277 | D:4      | Reached XP level 6. HP: 34/34 MP: 8/8
  2285 | D:4      | Reached skill level 9 in Ranged Weapons
  2297 | D:4      | Noticed Menkaure
  2312 | D:4      | HP: 6/35 [Menkaure/nerve-wracking pain (3)]
  2313 | D:4      | Killed Menkaure
  2313 | D:4      | HP: 1/35 [frozen (4)]
  2313 | D:4      | Slain by an adder

Levels and vault maps discovered:
D:1:      zelgadis_glass_arrival_small, layout_loops_ring, minmay_octomino_e4
D:2:      layout_rooms, serial_undead, serial_undead_f, serial_undead_d,
          serial_undead_f, serial_undead_c, uniq_jessica
D:3:      layout_loops_cross, minmay_unequal
D:4:      layout_rooms, minmay_temple_entry_overgrown, uniq_menkaure,
          uniq_grinder

Skill      XL: |  1  2  3  4  5  6 |
---------------+-------------------+-----
Ranged Weapons | 6 7 8 9 |  9.5
Dodging        | 5 |  5.3
Fighting       | 2 |  2.0
Stealth        | |  1.2

Action                     |  1- 3 |  4- 6 || total
---------------------------+-------+-------++-------
   Fire: Shortbow          |   156 |   143 ||   299
    Use: Scroll            |     2 |     4 ||     6
         Potion            |       |     2 ||     2
 Armour: Leather armour    |    13 |       ||    13
         Ring mail         |    10 |    18 ||    28
  Dodge: Dodged            |    57 |    40 ||    97

Table legend:
 A = Non-vault XP
 B = Vault XP
 C = Vault XP percentage of total XP
 D = Non-vault monster count
 E = Vault monster count
 F = Vault count percentage of total count
                 A         B        C        D         E       F
            +---------+---------+-------+---------+---------+-------
      Total |     404 |     482 |  54.4 |      73 |      18 |  19.8
            +---------+---------+-------+---------+---------+-------
        D:1 |      61 |      13 |  17.6 |      33 |       8 |  19.5
        D:2 |      47 |      46 |  49.5 |      14 |       5 |  26.3
        D:3 |      74 |       8 |   9.8 |      15 |       3 |  16.7
        D:4 |     222 |     415 |  65.1 |      11 |       2 |  15.4
            +---------+---------+-------+---------+---------+-------
